 Dungeon Crawl Stone Soup version 0.19-a0-1922-g1e9a4c1 (webtiles) character file.

2567 Zenonira the Cleaver (level 9, -3/72 HPs)
             Began as a Formicid Fighter on Oct 25, 2016.
             Killed by the air
             ... invoked by Gastronok
              (33 damage)
             ... on level 8 of the Dungeon.
             The game lasted 00:13:35 (5029 turns).

Zenonira the Cleaver (Formicid Fighter)             Turns: 5029, Time: 00:13:36

Health: -3/72      AC: 10    Str: 20    XL:     9   Next: 87%
Magic:  9/9        EV: 10    Int:  9    God:
Gold:   287        SH: 11    Dex: 13    Spells: 0 memorised, 8 levels left

rFire  . . .     SeeInvis +     a - +1 war axe
rCold  . . .     Gourm    .     l - +0 ring mail
rNeg   . . .     Faith    .     c - +0 shield
rPois  +         Spirit   .     (helmet unavailable)
rElec  .         Reflect  .     (no cloak)
rCorr  +         Harm     .     r - +2 pair of gloves
MR     .....                    w - +0 pair of boots
Stlth  +.........               k - amulet of regeneration
                                u - ring of poison resistance
                                C - ring of resist corrosion

@: no status effects
A: permanent stasis, dig shafts and tunnels, four strong arms, antennae 3
a: Dig, Shaft Self


You were on level 8 of the Dungeon.
You were not hungry.

You visited 2 branches of the dungeon, and saw 9 of its levels.

You collected 298 gold pieces.
You spent 11 gold pieces at shops.

Inventory:

Hand Weapons
 a - a +1 war axe (weapon)
 m - a +0 war axe
Armour
 b - a +0 scale mail
 c - a +0 shield (worn)
 l - a +0 ring mail (worn)
 r - a +2 pair of gloves (worn)
 w - a +0 pair of boots (worn)
Jewellery
 k - an amulet of regeneration (around neck)
 t - a +2 ring of intelligence
 u - a ring of poison resistance (right hand)
 v - an uncursed ring of ice
 A - an uncursed ring of protection from cold
 C - a ring of resist corrosion (left hand)
Wands
 q - a wand of paralysis (14/24)
 s - a wand of iceblast (13/15)
 y - a wand of iceblast (4/15)
Scrolls
 e - 3 scrolls of remove curse
 j - a scroll of recharging
 o - a scroll of enchant armour
 D - a scroll of amnesia
 I - 3 scrolls of identify
 J - a scroll of fear
Potions
 d - a potion of might
 h - 5 potions of curing
 i - 3 potions of magic
 p - 2 potions of heal wounds
 x - a potion of flight
 z - a potion of resistance {unknown}
 B - a potion of degeneration
 E - a potion of brilliance {unknown}
 G - a potion of lignification {unknown}
Books
 n - a book of Changes

   Spells                             Type                      Level
   a - Beastly Appendage              Transmutation                1
   b - Sticks to Snakes               Transmutation                2
   c - Spider Form                    Transmutation/Poison         3
   d - Ice Form                       Ice/Transmutation            4
   e - Blade Hands                    Transmutation                5
 F - a book of Cantrips

   Spells                             Type                      Level
   a - Confusing Touch                Hexes                        1
   b - Animate Skeleton               Necromancy                   1
   c - Summon Small Mammal            Summoning                    1
   d - Apportation                    Translocation                1
Comestibles
 f - 7 bread rations
 g - 6 meat rations


   Skills:
 + Level 7.3 Fighting
 + Level 9.1 Axes
 - Level 3.2 Armour
 - Level 9.0 Shields


You had 8 spell levels left.
You didn't know any spells.

Dungeon Overview and Level Annotations

Branches:
Dungeon (8/15)             Temple (1/1) D:6
   Lair: D:8-11

Altars:
Dithmenos
Elyvilon
Fedhas
Gozag
Kikubaaqudgha
Makhleb
Nemelex Xobeh
Qazlal
Sif Muna
Trog
Uskayaw
Vehumet
Xom
Yredelemnul
Zin

Shops:
D:5 !

Annotations:
D:8 Gastronok


Innate Abilities, Weirdness & Mutations

You are under a permanent stasis effect.
You can dig through walls and to a lower floor.
Your four strong arms can wield two-handed weapons with a shield.
You have a pair of large antennae on your head. (SInv)


Message History

The jelly is almost dead.
The jelly hits you but does no damage.
You slash the jelly!
You kill the jelly!
Gastronok glows a brilliant shade of cerise.
You hit Gastronok but do no damage. Gastronok bites you!!
You hit Gastronok but do no damage. Gastronok casts a spell at you.
Your stasis keeps you stable.
You slash Gastronok!
Gastronok is lightly wounded.
You slash Gastronok!
Gastronok is lightly wounded.
Gastronok waves his eye-stalks in wide circles.
The air twists around and strikes you!
You slash Gastronok!
Gastronok is moderately wounded.
Gastronok waves his eye-stalks in wide circles.
The air twists around and strikes you!
You die...

## ....
....###########
.........$....#
....#.....$...#
.............#
###.#..w......#
..............#
$##....@..[...#
...............
...<...<.......
###.#..........
#.#..........
.......######
........#
.........#
.........#


You could see Gastronok.

Vanquished Creatures
  The ghost of dobroeutro the Archer, a novice CeHu (D:5)
  Sigmund (D:3)
  Duvessa (D:7)
  A water moccasin (D:7)
  An orc warrior (D:7)
  3 phantoms
  A bullfrog (D:6)
  2 gnoll sergeants (D:6)
  Dowan (D:7)
  A water moccasin skeleton (D:7)
  6 killer bees (D:7)
  2 vampire bats (D:3)
  2 crimson imps (D:7)
  A jelly (D:8)
  2 orc priests (D:7)
  A hound (D:5)
  An orc wizard (D:7)
  A bullfrog skeleton (D:5)
  A centaur skeleton (D:4)
  A gnoll shaman (D:6)
  An iguana (D:4)
  5 worker ants
  A hound zombie (D:6)
  3 hound skeletons
  2 worker ant zombies
  Robin (D:3)
  17 gnolls (D:6)
  A howler monkey skeleton (D:4)
  9 adders
  A shadow imp (D:7)
  An ooze (D:4)
  An adder zombie (D:3)
  2 worms
  A dart slug (D:1)
  3 leopard geckos
  14 orcs
  7 bats
  2 bat skeletons (D:3)
  4 bat zombies (D:3)
  5 giant cockroaches
  15 goblins
  10 hobgoblins
  6 jackals
  A quokka (D:3)
  A ball python skeleton (D:4)
  6 frilled lizards
  A giant cockroach zombie (D:5)
  5 kobolds
  A quokka skeleton (D:5)
  4 rats
162 creatures vanquished.

Notes
Turn   | Place    | Note
-------+----------+-------------------------------------------
     0 | D:1      | Zenonira the Formicid Fighter began the quest for the Orb.
     0 | D:1      | Reached XP level 1. HP: 18/18 MP: 1/1
   214 | D:1      | Reached XP level 2. HP: 23/24 MP: 2/2
   858 | D:2      | Reached XP level 3. HP: 29/29 MP: 3/3
  1332 | D:3      | Noticed Robin
  1338 | D:3      | Reached XP level 4. HP: 33/35 MP: 4/4
  1370 | D:3      | Killed Robin
  1370 | D:3      | Reached skill level 5 in Shields
  1563 | D:3      | Found a stormy altar of Qazlal.
  1563 | D:3      | Found a blossoming altar of Fedhas.
  1596 | D:3      | Found a white marble altar of Elyvilon.
  1740 | D:3      | Noticed Sigmund
  1750 | D:3      | You fall through a shaft!
  1762 | D:4      | Reached XP level 5. HP: 24/41 MP: 5/5
  1804 | D:4      | Found a shimmering altar of Xom.
  1845 | D:3      | Found an ancient bone altar of Kikubaaqudgha.
  1887 | D:3      | Reached XP level 6. HP: 47/47 MP: 6/6
  1949 | D:3      | Killed Sigmund
  2244 | D:4      | Reached skill level 5 in Axes
  2244 | D:4      | Reached XP level 7. HP: 52/52 MP: 7/7
  2766 | D:5      | Entered Level 5 of the Dungeon
  2776 | D:5      | Noticed dobroeutro's ghost (novice CeHu)
  2804 | D:5      | Killed dobroeutro's ghost
  2804 | D:5      | Reached XP level 8. HP: 47/58 MP: 8/8
  2918 | D:5      | Found a shadowy altar of Dithmenos.
  3202 | D:5      | Found Lodia's Distillery.
  3205 | D:5      | Bought a potion of degeneration for 11 gold pieces
  3698 | D:6      | Reached XP level 9. HP: 62/66 MP: 9/9
  3790 | D:6      | Reached skill level 5 in Fighting
  3862 | D:6      | Found a staircase to the Ecumenical Temple.
  3871 | Temple   | Entered the Ecumenical Temple
  4636 | D:7      | Noticed Dowan
  4637 | D:7      | Noticed Duvessa
  4657 | D:7      | Killed Dowan
  4704 | D:7      | Killed Duvessa
  5007 | D:8      | Noticed Gastronok
  5029 | D:8      | Killed from afar by Gastronok

Vault maps used:
D:1:      lemuel_arrival_muddy, st_stairs_13
D:3:      grunt_temple_overflow_forces_of_nature, elyvilon_altar_4,
          kennysheep_vampire_church, uniq_sigmund, uniq_robin
D:4:      overflow_temple_1_default, minmay_distorted
D:5:      grunt_dithmenos_shadows, serial_shops, shop, first_bread, st_stairs_10
D:6:      nrook_pool_corridor, st_stairs_9
D:7:      uniq_duvessa
D:8:      tso_oasis_becter, lemuel_crystal_altar,
          grunt_lair_entry_orc_guard_hut, hangedman_little_slice_of_home,
          uniq_gastronok
Temple:   compressed_dpeg_triangle_lava_temple

Skill      XL: |  1  2  3  4  5  6  7  8  9 |
---------------+----------------------------+-----
Shields        | 4 5 6 8 9 |  9.0
Axes           | 3 4 5 6 7 9 |  9.1
Fighting       | 4 7 |  7.3
Armour         | |  3.2

Action                   |  1- 3 |  4- 6 |  7- 9 || total
-------------------------+-------+-------+-------++-------
Melee: War axe           |    94 |   161 |   453 ||   708
 Abil: Dig               |       |     2 |     5 ||     7
       Shaft Self        |       |     1 |       ||     1
  Use: Scroll            |       |     9 |     7 ||    16
       Potion            |       |       |     2 ||     2
  Eat: Chunk             |     1 |     4 |    11 ||    16
Armor: Scale mail        |    47 |    95 |    86 ||   228
       Ring mail         |       |       |    54 ||    54
Dodge: Dodged            |    41 |   109 |   148 ||   298
Block: Shield            |    37 |       |   132 ||   169
       Buckler           |     4 |    50 |    39 ||    93
